 Dungeon Crawl Stone Soup version 0.18.1-48-g4cf74bf (webtiles) character file.

1 glosham the Skirmisher (level 1, -2/16 HPs)
             Began as a High Elf Abyssal Knight on Sept 13, 2016.
             Was an Initiate of Lugonu.
             Slain by a kobold
             ... wielding a cursed -1 short sword
              (4 damage)
             ... on level 1 of the Dungeon.
             The game lasted 00:03:00 (186 turns).

glosham the Skirmisher (High Elf Abyssal Knight)     Turns: 186, Time: 00:03:01

Health: -2/16      AC:  3    Str: 11    XL:     1   Next: 16%
Magic:  3/3        EV: 12    Int: 15    God:    Lugonu [......]
Gold:   4          SH:  0    Dex: 14    Spells: 0 memorised, 0 levels left

rFire  . . .     SeeInvis .     a - +1 falchion
rCold  . . .     Gourm    .     b - +0 leather armour
rNeg   . . .     Faith    .     (no shield)
rPois  .         Spirit   .     (no helmet)
rElec  .         Dismiss  .     (no cloak)
rCorr  .         Reflect  .     (no gloves)
SustAt .         Harm     .     (no boots)
MR     .....                    (no amulet)
Stlth  +.........               (no ring)
                                e - ring of wizardry

@: not resistant to hostile enchantments, very unstealthy
A: no striking features
a: Renounce Religion


You were on level 1 of the Dungeon.
You worshipped Lugonu.
Lugonu was noncommittal.
You were not hungry.

You visited 1 branch of the dungeon, and saw 1 of its levels.
You visited the Abyss 1 time.

You collected 4 gold pieces.

Inventory:

Hand Weapons
 a - a +1 falchion (weapon)
Armour
 b - a +0 leather armour (worn)
Jewellery
 e - a ring of wizardry (left hand)
Potions
 g - a potion of cure mutation {unknown}
Comestibles
 c - 2 bread rations
 d - a meat ration
 f - a royal jelly
 i - a chunk of flesh


   Skills:
 - Level 3.0 Fighting
 - Level 2.4 Long Blades
 - Level 0.8 Armour
 - Level 2.1 Dodging
 + Level 0.5 Stealth
 - Level 2.0 Invocations


You couldn't memorise any spells.
You didn't know any spells.

Dungeon Overview and Level Annotations

Branches:
Dungeon (1/15)

Altars:


Message History

The puff of frost hits you!
Found 13 arrows.
You see here a twisted onyx ring.
e - a twisted onyx ring The hellwing misses you.
The hellwing hits you.
* * * LOW HITPOINT WARNING * * *
The neqoxec gestures.
You pass through the gate.
Welcome to the Dungeon!
You feel somewhat more hungry.
You can no longer depart the Abyss at will.
A bat comes into view.
Found a bubbling brown potion.
There is a staircase leading out of the dungeon here.
Found a scroll labeled PURYDY PECOMA.
You hit the bat.
You kill the bat!
Lugonu accepts your kill.
Put on which piece of jewellery? (? for menu, Esc to quit)
e - a ring of wizardry (left hand)
You see here a bubbling brown potion.
g - a bubbling brown potion Autopickup is now on.
h - a scroll labeled PURYDY PECOMA You see here a bat corpse.
You butcher the bat corpse.
i - a chunk of flesh Read which item? (? for menu, Esc to quit)
As you read the scroll labeled PURYDY PECOMA, it crumbles to dust.
You feel strangely unstable.
It was a scroll of teleportation.
Your surroundings suddenly seem different.
A kobold comes into view.
It is wielding an enchanted short sword.
The kobold shouts!
Found 14 gold pieces, a meat ration and a red potion.
A bat and a kobold come into view.
A giant newt comes into view.
You hit the kobold.
The kobold is heavily wounded.
The kobold hits you but does no damage.
The kobold hits you with an enchanted short sword.
You die...

#.# #.......
##.## #......
##...##
####......
##..♣..##
..........
#####.......#
.....b...#
+.....♣.<.♣..
..l......#
#.......#
...$....K#
##..♣..##
........@#
##...##
.........#
##.##
.........#
#.#
.........#
#.#
.........#
#.#
.%.......#
#+#
..PP!....#
.P≈≈.P..##
≈≈≈.≈≈..#


You could see a bat, a kobold and a giant newt.

Vanquished Creatures
  A bat (D:1)
1 creature vanquished.

Notes
Turn   | Place    | Note
--------------------------------------------------------------
     0 | Abyss:1  | glosham the High Elf Abyssal Knight began the quest for the Orb.
     0 | Abyss:1  | Reached XP level 1. HP: 16/16 MP: 3/3
    46 | Abyss:2  | Noticed a lich
    81 | Abyss:2  | Noticed an iron imp
   118 | Abyss:2  | Noticed a spatial vortex
   127 | Abyss:2  | Noticed a neqoxec
   130 | Abyss:2  | Noticed a hellwing
   162 | Abyss:2  | Noticed a worldbinder
   163 | Abyss:2  | Noticed an orc warrior
   163 | Abyss:2  | Noticed an orc warrior
   163 | Abyss:2  | Noticed an orc warrior
   163 | Abyss:2  | Noticed a great orb of eyes
   165 | Abyss:2  | HP: 1/16 [hellwing (5)]
   166 | Abyss:2  | Noticed an iron imp
   166 | Abyss:2  | Noticed a crimson imp
   166 | D:1      | Escaped the Abyss
   186 | D:1      | Slain by a kobold

Action                   || total
-------------------------++-------
Melee: Falchion          ||     2
Invok: Depart the Abyss  ||     1
  Use: Scroll            ||     1
Armor: Leather armour    ||     1
Dodge: Dodged            ||     4

Table legend:
 A = Turns spent in this place as a percentage of turns spent in the entire game.
 B = Non-inter-level travel turns spent in this place as a percentage of non-inter-level travel turns spent in the entire game.
 C = Inter-level travel turns spent in this place as a percentage of turns spent in this place.
 D = Turns resting spent in this place as a percentage of non-inter-level travel turns spent in this place.
 E = Turns spent auto-exploring this place as a percentage of non-inter-level travel turns spent in this place.
 F = Non-inter-level travel turns spent in this place divided by the number of levels of this place that you've seen.
                   A       B       C       D       E      F
               +-------+-------+-------+-------+-------+----------------------
         Total | 100.0 | 100.0 |   0.0 |   0.0 |   0.0 |  62.3
       Dungeon |  10.7 |  10.7 |   0.0 |   0.0 |   0.0 |  20.0
         Abyss |  89.3 |  89.3 |   0.0 |   0.0 |   0.0 |  83.5
               +-------+-------+-------+-------+-------+----------------------

Table legend:
 A = Kills in this place as a percentage of kills in entire the game.
 B = Kills by you in this place as a percentage of kills by you in the entire game.
 C = Kills by friends in this place as a percentage of kills by friends in the entire game.
 D = Other kills in this place as a percentage of other kills in the entire game.
 E = Experience gained in this place as a percentage of experience gained in the entire game.
 F = Experience gained in this place divided by the number of levels of this place that you have seen.
                   A       B       C       D       E      F
               +-------+-------+-------+-------+-------+----------------------
         Total | 100.0 | 100.0 |  -nan |  -nan | 100.0 |   0.7
       Dungeon | 100.0 | 100.0 |  -nan |  -nan | 100.0 |   2.0
               +-------+-------+-------+-------+-------+----------------------

Vault maps used:
D:1:      evilmike_arrival_plus, serial_bayou_pond_b
Abyss:1:  abyss_furniture_001
